SAAA
JERSEY CITY SUN CAPS @ BRINKLEY BELUGAS
07/21/2022
 
TOP OF THE 1ST
Jersey City Sun Caps batting - Pitching for Brinkley Belugas : RHP Bob Compton
Pitching: RHP Bob Compton
Batting: RHB Donald Stanley 0-0: Ball
1-0: Called Strike
1-1: Foul Ball, location: 2F
1-2: Ball
2-2: Foul Ball, location: 2F
2-2: Foul Ball, location: 2F
2-2: SINGLE (Groundball, 25) (infield hit)
Pinch Runner at 1st Harry Reynolds:
Batting: RHB Jonah Moody 0-0: Ball
1-0: Fly out, F6 (Popup, 4MD)
Batting: RHB Micheal Murdoch 0-0: Ball
1-0: Ball
2-0: Swinging Strike
2-1: Foul Ball, location: 2F
2-2: Fly out, F7 (Flyball, 7LM)
Batting: LHB Miguel Martínez 0-0: Called Strike
Pickoff Throw to First - Out!
Top of the 1st over - 0 run(s), 1 hit(s), 0 error(s), 0 left on base; Jersey City 0 - Brinkley 0
BOTTOM OF THE 1ST
Brinkley Belugas batting - Pitching for Jersey City Sun Caps : LHP Javier Tares
Pitching: LHP Javier Tares
Now at 2B: Harry Reynolds
Batting: RHB Steve Jones 0-0: Called Strike
0-1: Ball
1-1: Ground out 5-3 (Groundball, 56S)
Batting: LHB Horace Ritchie 0-0: Ball
1-0: Called Strike
1-1: Called Strike
1-2: Strikes out swinging
Batting: RHB Shawn Hicks 0-0: Ground out 6-3 (Groundball, 6)
Bottom of the 1st over - 0 run(s), 0 hit(s), 0 error(s), 0 left on base; Jersey City 0 - Brinkley 0
TOP OF THE 2ND
Jersey City Sun Caps batting - Pitching for Brinkley Belugas : RHP Bob Compton
Batting: LHB Miguel Martínez 0-0: Foul Ball, location: 2F
0-1: Ball
1-1: Called Strike
1-2: Strikes out looking
Batting: RHB Eddy Baxter 0-0: Ball
1-0: Ball
2-0: SOLO HOME RUN (Flyball, 7D), Distance : 386 ft
Batting: RHB Anrrique Bolo 0-0: Called Strike
0-1: Ball
1-1: Ball
2-1: Fly out, F7 (Flyball, 7M)
Batting: RHB Raúl Catuncan 0-0: Called Strike
0-1: Ball
1-1: Called Strike
1-2: Fly out, F4 (Popup, 4)
Top of the 2nd over - 1 run(s), 1 hit(s), 0 error(s), 0 left on base; Jersey City 1 - Brinkley 0
BOTTOM OF THE 2ND
Brinkley Belugas batting - Pitching for Jersey City Sun Caps : LHP Javier Tares
Batting: LHB Arturo Acosta 0-0: Ball
1-0: Foul Ball, location: 2F
1-1: Ball
2-1: Foul Ball, location: 2F
2-2: Ball
3-2: Foul Ball, location: 2F
3-2: Fly out, F8 (Flyball, 8LM)
Batting: RHB Jason Weston 0-0: Ball
1-0: Ball
2-0: Foul Ball, location: 2F
2-1: Foul Ball, location: 2F
2-2: Ball
3-2: Fly out, F8 (Flyball, 8RXD)
Batting: RHB Gonzalo Núñez 0-0: Called Strike
0-1: Foul Ball, location: 2F
0-2: Strikes out looking
Bottom of the 2nd over - 0 run(s), 0 hit(s), 0 error(s), 0 left on base; Jersey City 1 - Brinkley 0
TOP OF THE 3RD
Jersey City Sun Caps batting - Pitching for Brinkley Belugas : RHP Bob Compton
Batting: RHB Christian O'Dell 0-0: Called Strike
0-1: Called Strike
0-2: Ground out 4-3 (Groundball, 4)
Batting: SHB Dominique Prost 0-0: Ball
1-0: Swinging Strike
1-1: Foul Ball, location: 2F
1-2: Strikes out swinging
Batting: RHB Harry Reynolds 0-0: Ball
1-0: Ball
2-0: Ball
3-0: Base on Balls
Batting: RHB Jonah Moody 0-0: Ball
1-0: Fielders Choice at 2nd, U4 (Groundball, 4M)
Top of the 3rd over - 0 run(s), 0 hit(s), 0 error(s), 1 left on base; Jersey City 1 - Brinkley 0
BOTTOM OF THE 3RD
Brinkley Belugas batting - Pitching for Jersey City Sun Caps : LHP Javier Tares
Batting: RHB Mark Field 0-0: Called Strike
0-1: Ball
1-1: Foul Ball, location: 2F
1-2: Ground out 5-3 (Groundball, 56S)
Batting: RHB Pablo Alyala 0-0: Foul Ball, location: 2F
0-1: Ground out 4-3 (Groundball, 4M)
Batting: RHB Fernando Díaz 0-0: DOUBLE (Groundball, 3L)
Batting: RHB Steve Jones 0-0: Ball
1-0: Foul Ball, location: 2F
1-1: Swinging Strike
1-2: Ground out 6-3 (Groundball, 6M)
Bottom of the 3rd over - 0 run(s), 1 hit(s), 0 error(s), 1 left on base; Jersey City 1 - Brinkley 0
TOP OF THE 4TH
Jersey City Sun Caps batting - Pitching for Brinkley Belugas : RHP Bob Compton
Batting: RHB Micheal Murdoch 0-0: Ball
1-0: Ball
2-0: Ball
3-0: Called Strike
3-1: Foul Ball, location: 2F
3-2: Foul Ball, location: 2F
3-2: Foul Ball, location: 2F
3-2: Base on Balls
Batting: LHB Miguel Martínez 0-0: Ball
1-0: Swinging Strike
1-1: Foul Ball, location: 2F
1-2: Foul Ball, location: 2F
1-2: Ball
2-2: SINGLE (Line Drive, 8RS)
Micheal Murdoch to second
Batting: RHB Eddy Baxter 0-0: Called Strike
0-1: Ball
1-1: Grounds into double play, 6-4-3 (Groundball, 6)
Micheal Murdoch to third
Batting: RHB Anrrique Bolo 0-0: Called Strike
0-1: Ball
1-1: Swinging Strike
1-2: Ground out 6-3 (Groundball, 6)
Top of the 4th over - 0 run(s), 1 hit(s), 0 error(s), 1 left on base; Jersey City 1 - Brinkley 0
BOTTOM OF THE 4TH
Brinkley Belugas batting - Pitching for Jersey City Sun Caps : LHP Javier Tares
Batting: LHB Horace Ritchie 0-0: Ball
1-0: Called Strike
1-1: Fly out, F7 (Flyball, 7LM)
Batting: RHB Shawn Hicks 0-0: Ball
1-0: Foul Ball, location: 2F
1-1: Ball
2-1: Fly out, F6 (Popup, 6M)
Batting: LHB Arturo Acosta 0-0: Ball
1-0: Ball
2-0: Foul Ball, location: 2F
2-1: Swinging Strike
2-2: SINGLE (Groundball, 5D)
Batting: RHB Jason Weston 0-0: Called Strike
0-1: Ground out 5-3 (Groundball, 5L)
Bottom of the 4th over - 0 run(s), 1 hit(s), 0 error(s), 1 left on base; Jersey City 1 - Brinkley 0
TOP OF THE 5TH
Jersey City Sun Caps batting - Pitching for Brinkley Belugas : RHP Bob Compton
Batting: RHB Raúl Catuncan 0-0: Called Strike
0-1: Called Strike
0-2: SOLO HOME RUN (Line Drive, 7D), Distance : 389 ft
Batting: RHB Christian O'Dell 0-0: Fly out, F7 (Popup, 78S)
Batting: SHB Dominique Prost 0-0: Fly out, F8 (Line Drive, 8LM)
Batting: RHB Harry Reynolds 0-0: Foul Ball, location: 2F
0-1: Swinging Strike
0-2: Foul Ball, location: 2F
0-2: Ball
1-2: Ball
2-2: Strikes out looking
Top of the 5th over - 1 run(s), 1 hit(s), 0 error(s), 0 left on base; Jersey City 2 - Brinkley 0
BOTTOM OF THE 5TH
Brinkley Belugas batting - Pitching for Jersey City Sun Caps : LHP Javier Tares
Batting: RHB Gonzalo Núñez 0-0: Called Strike
0-1: Foul Ball, location: 2F
0-2: Ball
1-2: Strikes out swinging
Batting: RHB Mark Field 0-0: Fly out, F8 (Flyball, 8RD)
Batting: RHB Pablo Alyala 0-0: Called Strike
0-1: Ball
1-1: Swinging Strike
1-2: Ball
2-2: Foul Ball, location: 2F
2-2: Ball
3-2: SINGLE (Line Drive, 7S)
Batting: RHB Fernando Díaz 0-0: Called Strike
0-1: Swinging Strike
0-2: Foul Ball, location: 2F
0-2: Foul Ball, location: 2F
0-2: Ball
1-2: Foul Ball, location: 2F
1-2: Ball
2-2: Ground out U3 (Groundball, 3S)
Bottom of the 5th over - 0 run(s), 1 hit(s), 0 error(s), 1 left on base; Jersey City 2 - Brinkley 0
TOP OF THE 6TH
Jersey City Sun Caps batting - Pitching for Brinkley Belugas : RHP Bob Compton
Batting: RHB Jonah Moody 0-0: DOUBLE (Groundball, 5L)
Batting: RHB Micheal Murdoch 0-0: Ground out 6-3 (Groundball, 6)
Batting: LHB Miguel Martínez 0-0: Intentional Walk
Batting: RHB Eddy Baxter 0-0: Grounds into double play, 6-4-3 (Groundball, 6)
Top of the 6th over - 0 run(s), 1 hit(s), 0 error(s), 1 left on base; Jersey City 2 - Brinkley 0
BOTTOM OF THE 6TH
Brinkley Belugas batting - Pitching for Jersey City Sun Caps : LHP Javier Tares
Batting: RHB Steve Jones 0-0: Ball
1-0: Ball
2-0: Called Strike
2-1: Swinging Strike
2-2: Foul Ball, location: 2F
2-2: Ball
3-2: Fly out, F9 (Flyball, 9M)
Batting: LHB Horace Ritchie 0-0: Ball
1-0: Ball
2-0: Foul Ball, location: 2F
2-1: Called Strike
2-2: SINGLE (Line Drive, 78M)
Batting: RHB Shawn Hicks 0-0: Ball
1-0: Ball
2-0: Fly out, F8 (Flyball, 8RD)
Batting: LHB Arturo Acosta 0-0: Foul Ball, location: 2F
0-1: Called Strike
0-2: Ball
1-2: Strikes out swinging
Bottom of the 6th over - 0 run(s), 1 hit(s), 0 error(s), 1 left on base; Jersey City 2 - Brinkley 0
TOP OF THE 7TH
Jersey City Sun Caps batting - Pitching for Brinkley Belugas : RHP Bob Compton
Batting: RHB Anrrique Bolo 0-0: SINGLE (Line Drive, 7S)
Batting: RHB Raúl Catuncan 0-0: Bunted foul
0-1: Ball
1-1: Bunt missed!
1-2: Fly out, F9 (Flyball, 9LM)
Batting: RHB Christian O'Dell 0-0: Foul Ball, location: 2F
0-1: Ball
1-1: Swinging Strike
1-2: Fly out, F7 (Line Drive, 7M)
1-2: Fly out, F7 (Line Drive, 7M)
Batting: SHB Dominique Prost 0-0: Ball
1-0: Swinging Strike
1-1: Ball
2-1: Called Strike
2-2: DOUBLE (Line Drive, 78D)
Anrrique Bolo to third
Pinch Hitting: LHB Harlan Price 0-0: Ball
1-0: Ball
2-0: Called Strike
2-1: Called Strike
2-2: Ball
3-2: Foul Ball, location: 2F
3-2: Foul Ball, location: 2F
3-2: Fly out, F4 (Popup, 4D)
Top of the 7th over - 0 run(s), 2 hit(s), 0 error(s), 2 left on base; Jersey City 2 - Brinkley 0
BOTTOM OF THE 7TH
Brinkley Belugas batting - Pitching for Jersey City Sun Caps : LHP Javier Tares
Now at 2B: Harlan Price
Batting: RHB Jason Weston 0-0: Ball
1-0: Ball
2-0: Called Strike
2-1: SINGLE (Line Drive, 56D)
Batting: RHB Gonzalo Núñez 0-0: Foul Ball, location: 2F
0-1: Ball
1-1: Ball
2-1: Foul Ball, location: 2F
2-2: Ball
3-2: Base on Balls
Jason Weston to second
Batting: RHB Mark Field 0-0: Sac Bunt - play at first, batter OUT! 1-3
Jason Weston to third
Gonzalo Núñez to second
Pinch Hitting: RHB Jorge Salazar 0-0: Ground out 6-3 (Groundball, 6M)
Pitching: RHP Jim Unknown
Pinch Hitting: RHB Reggie Kahn 0-0: Ball
1-0: Called Strike
1-1: Foul Ball, location: 2F
1-2: Fly out, F9 (Flyball, 89S)
Bottom of the 7th over - 0 run(s), 1 hit(s), 0 error(s), 2 left on base; Jersey City 2 - Brinkley 0
TOP OF THE 8TH
Jersey City Sun Caps batting - Pitching for Brinkley Belugas : RHP Bob Compton
Now at 1B: Jorge Salazar
Now at 2B: Jim Unknown
Batting: RHB Jonah Moody 0-0: Ball
1-0: Called Strike
1-1: Ball
2-1: Ball
3-1: Base on Balls
Pitching: RHP Paul Clark
Batting: RHB Micheal Murdoch 0-0: Called Strike
0-1: Swinging Strike
0-2: Ball
1-2: Ball
2-2: Foul Ball, location: 2F
2-2: Strikes out looking
Batting: LHB Miguel Martínez 0-0: Ball
1-0: Ball
2-0: Ball
3-0: Called Strike
3-1: Base on Balls
Jonah Moody to second
Batting: RHB Eddy Baxter 0-0: Called Strike
0-1: Foul Ball, location: 2F
0-2: Ball
1-2: Fly out, F4 (Popup, 34D)
Pinch Hitting: LHB John Robertson 0-0: Foul Ball, location: 2F
0-1: SINGLE (Flyball, 89S)
Jonah Moody to third
Miguel Martínez to second
Batting: RHB Raúl Catuncan 0-0: Called Strike
0-1: Ball
1-1: Swinging Strike
1-2: DOUBLE (Line Drive, 89XD)
Jonah Moody scores
Miguel Martínez scores
John Robertson to third
Batting: RHB Christian O'Dell 0-0: Called Strike
0-1: Ground out 1-3 (Groundball, 13S)
Top of the 8th over - 2 run(s), 2 hit(s), 0 error(s), 2 left on base; Jersey City 4 - Brinkley 0
BOTTOM OF THE 8TH
Brinkley Belugas batting - Pitching for Jersey City Sun Caps : RHP Jim Unknown
Now in RF: John Robertson
Batting: RHB Steve Jones 0-0: Ball
1-0: Ball
2-0: Ball
3-0: Swinging Strike
3-1: Ground out 6-3 (Groundball, 56)
Batting: LHB Horace Ritchie 0-0: Foul Ball, location: 2F
0-1: Ground out 6-3 (Groundball, 6)
Batting: RHB Shawn Hicks 0-0: Ball
1-0: Ball
2-0: Ball
3-0: Base on Balls
Batting: LHB Arturo Acosta 0-0: Called Strike
0-1: Called Strike
0-2: Ball
1-2: Foul Ball, location: 2F
1-2: Strikes out swinging
Bottom of the 8th over - 0 run(s), 0 hit(s), 0 error(s), 1 left on base; Jersey City 4 - Brinkley 0
TOP OF THE 9TH
Jersey City Sun Caps batting - Pitching for Brinkley Belugas : RHP Paul Clark
Batting: SHB Dominique Prost 0-0: Called Strike
0-1: Fly out, F8 (Line Drive, 8RM)
Batting: LHB Harlan Price 0-0: Ball
1-0: Ball
2-0: Swinging Strike
2-1: Ball
3-1: Base on Balls
Batting: RHB Jonah Moody 0-0: Foul Ball, location: 2F
0-1: Ball
1-1: Swinging Strike
1-2: Ball
2-2: Ball
3-2: Foul Ball, location: 2F
3-2: Base on Balls
Harlan Price to second
Pitching: RHP Robert Archer
Batting: RHB Micheal Murdoch 0-0: Ball
1-0: Called Strike
1-1: Foul Ball, location: 2F
1-2: SINGLE (Line Drive, 56D)
Harlan Price to third
Jonah Moody to second
Batting: LHB Miguel Martínez 0-0: Fly out, F5 (Popup, 5S)
Batting: RHB Eddy Baxter 0-0: Fly out, F8 (Line Drive, 8RS)
Top of the 9th over - 0 run(s), 1 hit(s), 0 error(s), 3 left on base; Jersey City 4 - Brinkley 0
BOTTOM OF THE 9TH
Brinkley Belugas batting - Pitching for Jersey City Sun Caps : RHP Jim Unknown
Pitching: RHP Jim Unknown
Batting: RHB Jason Weston 0-0: Ball
1-0: Foul Ball, location: 2F
1-1: Foul Ball, location: 2F
1-2: Fly out, F9 (Flyball, 89M)
Batting: RHB Gonzalo Núñez 0-0: Ball
1-0: Ball
2-0: Ground out 4-3 (Groundball, 4)
Batting: RHB Mark Field 0-0: SINGLE (Groundball, 6M)
Batting: RHB Jorge Salazar 0-0: Ball
1-0: Foul Ball, location: 2F
1-1: Ball
2-1: DOUBLE (Line Drive, 8LM)
Mark Field to third
Runner from 3rd tries for Home, SAFE, no throw or cutoff
Batting: RHB Jim Unknown 0-0: SINGLE (Groundball, 4M)
Jorge Salazar to third
Runner from 3rd tries for Home, SAFE, no throw or cutoff
Pinch Hitting: RHB Jim Unknown 0-0: Ball
1-0: Ground out 6-3 (Groundball, 6)
Bottom of the 9th over - 2 run(s), 3 hit(s), 0 error(s), 1 left on base; Jersey City 4 - Brinkley 2
This league is powered by Out of the Park Baseball, the baseball management simulation game for PC, Mac and Linux
Friday, April 15th, 2016 - OOTP Baseball 16.9 Build 39